[Event "Catalan Youth Championship 2024"]
[Site "Cambrils"]
[Date "2024.03.25"]
[Round "4.2"]
[White "Ortega Campallo, David"]
[Black "Garcia Huerta, Joaquin Marc"]
[Result "1-0"]
[ECO "B32"]
[WhiteElo "1522"]
[BlackElo "1617"]
[Annotator "NA RC"]
[PlyCount "123"]
[EventDate "2024.03.13"]
[EventType "swiss"]
[EventCountry "ESP"]
[SourceTitle "playchess.com"]
[Source "ChessBase"]
[SourceQuality "1"]
[TimeControl "5400+30"]

1. e4 c5 2. Nf3 Nc6 3. d4 cxd4 4. Nxd4 e5 5. Nf3 Nf6 6. Bd3 Bc5 7. Nc3 a6 8. Bg5 Be7 9. Be3 d5 10. exd5 Nxd5 11. Nxd5 Qxd5 12. Be2 Qxd1+ 13. Rxd1 Bf5 14. c3 O-O 15. O-O Rfd8 16. h3 Rd6 17. Bb6 Rg6 18. Kh1 Re8 19. Rfe1 Bf6 20. Bc4 e4 21. Bd5 h6 22. Nd4 Bxd4 23. Bxd4 Nxd4 24. Rxd4 Rd6 25. Bxf7+ Kxf7 26. Rxd6 Re5 27. f3 e3 28. g4 Be6 29. Rd3 e2 30. Rd2 Bd5 31. Kg2 Bxa2 32. Rexe2 Rxe2+ 33. Rxe2 b5 34. b4 Be6 35. f4 g6 36. Rd2 Ke7 37. Kf3 h5 38. gxh5 gxh5 39. Kg3 Bd7 40. Ra2 Bc8 41. h4 Kd6 42. Rd2+ Kc6 43. Kf3 Bf5 44. Ke3 Kc7 45. Kd4 Kd6 46. Rg2 Bg4 47. Rf2 Bf5 48. c4 bxc4 49. Kxc4 Kc6 50. Re2 Bd7 51. Re5 Kd6 52. Rxh5 Be6+ 53. Kd4 Kc6 54. Rg5 Bf7 55. h5 Bxh5 56. Rxh5 Kb6 57. Re5 Kc6 58. f5 Kd6 59. f6 Kd7 60. f7 a5 61. f8=Q a4 62. Qf6 1-0

[Event "Catalan Youth Championship 2024"]
[Site "Cambrils"]
[Date "2024.03.25"]
[Round "4.3"]
[White "Guiu Ruiz, Lluc"]
[Black "Kukushkin, Oleg"]
[Result "1-0"]
[ECO "B01"]
[WhiteElo "1613"]
[BlackElo "1509"]
[Annotator "NA RC"]
[PlyCount "55"]
[EventDate "2024.03.13"]
[EventType "swiss"]
[EventCountry "ESP"]
[SourceTitle "playchess.com"]
[Source "ChessBase"]
[SourceQuality "1"]
[TimeControl "5400+30"]

1. e4 d5 2. exd5 Nf6 3. Nf3 b6 4. d4 e6 5. dxe6 Bxe6 6. Bf4 Bd6 7. Bxd6 Qxd6 8. Bd3 h6 9. O-O O-O 10. c3 Re8 11. Qc2 Nc6 12. Nbd2 a6 13. Rfe1 a5 14. Ne4 Nxe4 15. Bxe4 Bd5 16. Bxd5 Qxd5 17. a3 Re6 18. c4 Qh5 19. d5 Rg6 20. dxc6 Qxf3 21. Qxg6 Qf4 22. Qe4 Qg5 23. Rad1 f5 24. Qe6+ Kh7 25. Rd7 Rf8 26. Rf7 Rxf7 27. Qxf7 Qd2 28. Qxf5+ 1-0

[Event "Catalan Youth Championship 2024"]
[Site "Cambrils"]
[Date "2024.03.25"]
[Round "4.4"]
[White "Rosique Cano, Xavier"]
[Black "Serradell Munoz, Silvia"]
[Result "1/2-1/2"]
[ECO "B50"]
[WhiteElo "1433"]
[BlackElo "1564"]
[Annotator "NA RC"]
[PlyCount "57"]
[EventDate "2024.03.13"]
[EventType "swiss"]
[EventCountry "ESP"]
[SourceTitle "playchess.com"]
[Source "ChessBase"]
[SourceQuality "1"]
[TimeControl "5400+30"]

1. e4 c5 2. Bc4 g6 3. Nc3 Bg7 4. Nf3 Nc6 5. O-O Nf6 6. a3 O-O 7. d3 d6 8. h3 Bd7 9. Be3 Re8 10. Qd2 a6 11. Bh6 Bh8 12. Ng5 Ne5 13. Bb3 e6 14. f4 Nc6 15. Nf3 Qb6 16. Kh1 Nh5 17. Kh2 e5 18. Ng5 Be6 19. Nxe6 fxe6 20. f5 Nd4 21. fxg6 hxg6 22. Qf2 Qc7 23. Qd2 Qe7 24. Bg5 Qg7 25. Bh6 Qe7 26. Bg5 Qg7 27. Bh6 Qe7 28. Bg5 Qg7 29. Bh6 1/2-1/2

[Event "Catalan Youth Championship 2024"]
[Site "Cambrils"]
[Date "2024.03.25"]
[Round "4.5"]
[White "Villa Peiro, Joan"]
[Black "Tallada Serret, Gerard"]
[Result "0-1"]
[ECO "D00"]
[WhiteElo "1720"]
[BlackElo "2085"]
[Annotator "RC"]
[PlyCount "64"]
[EventDate "2024.03.13"]
[EventType "swiss"]
[EventCountry "ESP"]
[SourceTitle "playchess.com"]
[Source "ChessBase"]
[SourceQuality "1"]
[TimeControl "5400+30"]

1. d4 d5 2. Bf4 c5 3. e3 Nc6 4. Nf3 Bg4 5. Be2 e6 6. Nbd2 Bd6 7. Bxd6 Qxd6 8. dxc5 Qxc5 9. a3 a5 10. b4 Qc3 11. b5 Ne5 12. O-O Nxf3+ 13. Nxf3 Nf6 14. Nd4 Bxe2 15. Qxe2 O-O 16. Qd3 Rfc8 17. Rac1 Qc5 18. a4 Rc7 19. Nb3 Qc4 20. Qd4 Nd7 21. Nd2 Qxd4 22. exd4 Rac8 23. Nb3 b6 24. f4 Nf6 25. c3 g6 26. Rf3 Rc4 27. Ra1 Ne4 28. Rc1 Rxa4 29. Kh1 Rac4 30. h3 a4 31. Na1 Nxc3 32. Rd3 Nxb5 0-1

[Event "Catalan Youth Championship 2024"]
[Site "Cambrils"]
[Date "2024.03.25"]
[Round "4.6"]
[White "Bru Montoya, Pau"]
[Black "Perez Llaurado, Adria"]
[Result "1-0"]
[ECO "C50"]
[WhiteElo "1850"]
[BlackElo "1749"]
[Annotator "NA RC"]
[PlyCount "127"]
[EventDate "2024.03.13"]
[EventType "swiss"]
[EventCountry "ESP"]
[SourceTitle "playchess.com"]
[Source "ChessBase"]
[SourceQuality "1"]
[TimeControl "5400+30"]

1. e4 e5 2. Nf3 Nc6 3. Bc4 Bc5 4. O-O d6 5. a3 Nf6 6. d3 Bg4 {[%emt 0:00:30] C50: Italienische Partie.} 7. c3 Bb6 8. Be3 O-O 9. Bxb6 axb6 10. Nbd2 Ne7 11. Qc2 Ng6 12. d4 Nd7 13. h3 Bxf3 14. Nxf3 Qf6 15. Rfe1 Rfe8 16. Rad1 Ndf8 17. Rd2 Nf4 18. h4 N8g6 19. dxe5 Nxe5 20. Nxe5 Qxe5 21. g3 Ne6 22. Rd5 Qf6 23. e5 dxe5 24. Rdxe5 Re7 25. Qb3 Rae8 26. Qb5 g6 27. Qb3 Nc5 28. Rxe7 Rxe7 29. Qd1 Rxe1+ 30. Qxe1 Kf8 31. Qe3 Kg7 32. Kf1 Nd7 33. Ke2 Ne5 34. Bd5 c6 35. Bb3 b5 36. f4 Nd7 37. Qd4 Qxd4 $11 38. cxd4 f5 39. Be6 Nb6 40. Kd3 Kf6 41. Bb3 h6 42. Kc3 Nd7 43. Kb4 Ke7 44. d5 Kd6 45. dxc6 bxc6 46. Bf7 Nf8 47. Be8 Kc7 48. Ka5 Kb7 49. b3 Kc7 50. Ka6 Ne6 51. Bxg6 Nd4 52. b4 Kd7 53. Kb6 Kd6 54. Be8 Kd5 55. Bf7+ Kd6 56. Bh5 Ne6 57. Bf3 Nd4 58. Bg2 Kd7 59. Bh3 Kd6 60. g4 Ne2 61. g5 Nxf4 62. gxh6 Nd5+ 63. Kb7 Nf6 64. Bxf5 1-0

[Event "Catalan Youth Championship 2024"]
[Site "Cambrils"]
[Date "2024.03.25"]
[Round "4.7"]
[White "Presas Gharbi, Rayan"]
[Black "Perez Vidal, Ian"]
[Result "1-0"]
[ECO "C54"]
[WhiteElo "1705"]
[BlackElo "1828"]
[Annotator "NA RC"]
[PlyCount "63"]
[EventDate "2024.03.13"]
[EventType "swiss"]
[EventCountry "ESP"]
[SourceTitle "playchess.com"]
[Source "ChessBase"]
[SourceQuality "1"]
[TimeControl "5400+30"]

1. e4 e5 2. Nf3 Nc6 3. Bc4 Nf6 4. d3 Bc5 5. c3 d6 6. a4 {[%emt 0:00:18] C54: Italienische Partie (Hauptvariante).} a6 7. O-O Bg4 8. h3 Bh5 9. Re1 O-O 10. Nbd2 Qd7 11. Nf1 Rfe8 12. b4 Bb6 (12... Ba7 $142) 13. Bg5 d5 14. exd5 Nxd5 15. Bxd5 Qxd5 16. Be3 Bxf3 17. gxf3 (17. Qxf3 $15 Qxf3 (17... Qxd3 18. Rac1 $15) 18. gxf3) 17... Qd7 18. Bxb6 cxb6 19. Kg2 Re6 $19 20. f4 Rg6+ 21. Kh2 exf4 22. Qf3 Rh6 23. Re4 g5 24. Qg2 f5 25. Rxf4 Qg7 26. Rxf5 g4 27. Ne3 Ne5 28. Qd5+ Nf7 29. Nxg4 Qxg4 30. Qxf7+ Kh8 31. Qf6+ Kg8 32. Rg5+ 1-0

[Event "Catalan Youth Championship 2024"]
[Site "Cambrils"]
[Date "2024.03.25"]
[Round "4.8"]
[White "Hijarrubia Alvarez-Cuevas, Gonzalo"]
[Black "Pons Sancho, Roc"]
[Result "1-0"]
[ECO "B45"]
[WhiteElo "1827"]
[BlackElo "1704"]
[Annotator "NA RC"]
[PlyCount "97"]
[EventDate "2024.03.13"]
[EventType "swiss"]
[EventCountry "ESP"]
[SourceTitle "playchess.com"]
[Source "ChessBase"]
[SourceQuality "1"]
[TimeControl "5400+30"]

1. e4 c5 2. Nf3 Nc6 3. d4 cxd4 4. Nxd4 Nf6 5. Nc3 e6 6. Nxc6 bxc6 7. e5 Nd5 8. Ne4 Qc7 9. f4 Be7 10. Nd6+ {[%emt 0:02:10] B45: Sizilianisch (Klassisches System).} Bxd6 11. exd6 Qxd6 12. c4 Qb4+ 13. Bd2 Qxb2 14. cxd5 cxd5 15. Qc1 Qxc1+ 16. Rxc1 O-O 17. Bb4 Rd8 18. Bd6 a6 19. Bd3 Bb7 20. Kf2 h6 21. Rc2 Rdc8 22. Rhc1 Rxc2+ 23. Rxc2 Rc8 24. Rxc8+ Bxc8 25. a4 g5 26. g3 f6 27. a5 Kf7 28. Ke3 gxf4+ 29. gxf4 e5 30. fxe5 fxe5 31. Bxe5 Ke6 32. Kf4 d6 33. Bf5+ Ke7 34. Bxc8 dxe5+ 35. Kxe5 Kd8 36. Bxa6 Kc7 37. Kxd5 h5 38. h4 Kb8 39. Be2 Kb7 40. Bxh5 Ka6 41. Be2+ Kxa5 42. h5 Kb6 43. h6 Ka7 44. h7 Kb7 45. h8=Q Ka7 46. Qc8 Kb6 47. Qc6+ Ka7 48. Ba6 Kb8 49. Qb7# 1-0

[Event "Catalan Youth Championship 2024"]
[Site "Cambrils"]
[Date "2024.03.25"]
[Round "4.9"]
[White "Escoriza Pons, Xavier"]
[Black "Uber Gracia, Hugo"]
[Result "0-1"]
[ECO "D11"]
[WhiteElo "1941"]
[BlackElo "2237"]
[Annotator "RC"]
[PlyCount "192"]
[EventDate "2024.03.13"]
[EventType "swiss"]
[EventCountry "ESP"]
[SourceTitle "playchess.com"]
[Source "ChessBase"]
[SourceQuality "1"]
[TimeControl "5400+30"]

1. c4 c6 2. Nf3 Nf6 3. g3 d5 4. Bg2 Bf5 5. O-O e6 6. d4 h6 7. Nc3 Nbd7 8. Nd2 Be7 9. e4 dxe4 10. Ndxe4 Nb6 11. b3 O-O 12. Bb2 a5 13. Qd2 a4 14. Nxf6+ Bxf6 15. Ne4 Be7 16. Rfd1 Qc7 17. Bc3 Ra7 18. Ba5 Rfa8 19. b4 Rxa5 20. bxa5 Nxc4 21. Qe2 Nd6 22. Nxd6 Bxd6 23. Be4 Bxe4 24. Qxe4 Rxa5 25. Rab1 Rd5 26. Qc2 a3 27. Qa4 Kh7 28. Rdc1 Be7 29. Qa7 Rd7 30. Rb3 Qc8 31. Qb6 Bf6 32. Rc4 Bd8 33. Qc5 Be7 34. Qb6 Qa8 35. Rf3 Kg8 36. Rcc3 Qa4 37. Qb3 Qa5 38. Rfd3 Qh5 39. Kg2 Qe2 40. Re3 Qg4 41. h3 Qg6 42. Qa4 Qg5 43. Rb3 Qd5+ 44. Rf3 b5 45. Qa8+ Kh7 46. Qa5 Bd6 47. Qc3 b4 48. Qd3+ Kg8 49. Qa6 Be7 50. Qc8+ Rd8 51. Qc7 Rd7 52. Qb8+ Kh7 53. Qf4 Bd6 54. Qc1 Bf8 55. Qc2+ Kg8 56. Qc1 Qxd4 57. Qxc6 Qd2 58. Qc8 Rd8 59. Qc7 f6 60. Rbe3 e5 61. Qc4+ Qd5 62. Qxd5+ Rxd5 63. Rd3 Rc5 64. Rd2 Rc4 65. Rb3 Bc5 66. Kf3 Bd4 67. Ke2 e4 68. h4 h5 69. Rd1 Kf7 70. f3 f5 71. fxe4 fxe4 72. Rf1+ Ke6 73. Kd2 Bf6 74. Rc1 Bc3+ 75. Ke2 Kf5 76. Rf1+ Kg4 77. Rg1 Rd4 78. Ke3 Rd2 79. Kxe4 Rxa2 80. Rbb1 Re2+ 81. Kd3 Rd2+ 82. Ke4 a2 83. Rbf1 a1=Q 84. Rxa1 Bxa1 85. Rxa1 Re2+ 86. Kd3 Re7 87. Rb1 Rb7 88. Ke4 b3 89. Ke3 Kxg3 90. Rg1+ Kxh4 91. Kf4 Rb4+ 92. Kf3 b2 93. Rh1+ Kg5 94. Rg1+ Kf5 95. Rb1 Rb3+ 96. Ke2 h4 0-1

[Event "Catalan Youth Championship 2024"]
[Site "Cambrils"]
[Date "2024.03.25"]
[Round "4.10"]
[White "Prada Villagrasa, Pau Manel"]
[Black "Valle Luis, Liam"]
[Result "1-0"]
[ECO "C42"]
[WhiteElo "2103"]
[BlackElo "1852"]
[Annotator "RC"]
[PlyCount "111"]
[EventDate "2024.03.13"]
[EventType "swiss"]
[EventCountry "ESP"]
[SourceTitle "playchess.com"]
[Source "ChessBase"]
[SourceQuality "1"]
[TimeControl "5400+30"]

1. e4 e5 2. Nf3 Nf6 3. Nxe5 d6 4. Nf3 Nxe4 5. d4 d5 6. Bd3 Bd6 7. O-O O-O 8. c4 c6 9. Qc2 Re8 10. Nc3 Nxc3 11. bxc3 h6 12. h3 Nd7 13. a4 Nf6 14. a5 a6 15. Ba3 Be6 16. Bxd6 Qxd6 17. c5 Qc7 18. Rfb1 Rad8 19. Rb6 Bc8 20. Rb3 Re7 21. Ne5 Nd7 22. f4 Nf8 23. Qf2 f6 24. Ng6 Nxg6 25. Bxg6 f5 26. g3 Rf8 27. Rbb1 Rf6 28. Bh5 g6 29. Bf3 Rg7 30. Kh2 g5 31. Qd2 g4 32. Bg2 Re7 33. h4 Kf7 34. c4 dxc4 35. d5 cxd5 36. Qxd5+ Be6 37. Qd6 Bc8 38. Qd5+ Be6 39. Qe5 Bc8 40. Bd5+ Kg7 41. Qd4 Re2+ 42. Kh1 Qe7 43. Rb6 Re1+ 44. Rxe1 Qxe1+ 45. Kh2 Qe2+ 46. Bg2 Qe7 47. c6 bxc6 48. Rxc6 Bb7 49. Rxf6 Qxf6 50. Qd7+ Qf7 51. Qxf7+ Kxf7 52. Bxb7 c3 53. Bd5+ Ke7 54. Bb3 Kd6 55. Bc2 Kc5 56. Bxf5 1-0

[Event "Catalan Youth Championship 2024"]
[Site "Cambrils"]
[Date "2024.03.25"]
[Round "4.11"]
[White "Tello Alvarez, Erik"]
[Black "Herman Gamazo, Isaac"]
[Result "1-0"]
[ECO "B30"]
[WhiteElo "1624"]
[BlackElo "2096"]
[Annotator "RC"]
[PlyCount "89"]
[EventDate "2024.03.13"]
[EventType "swiss"]
[EventCountry "ESP"]
[SourceTitle "playchess.com"]
[Source "ChessBase"]
[SourceQuality "1"]
[TimeControl "5400+30"]

1. e4 c5 2. Nf3 d6 3. c4 e5 4. Nc3 Nc6 5. Be2 g6 6. a3 Bg7 7. Rb1 a5 8. d3 Nge7 9. O-O O-O 10. Bd2 f5 11. Nd5 f4 12. b4 axb4 13. axb4 Nxd5 14. cxd5 Nxb4 15. Bxb4 cxb4 16. Rxb4 g5 17. Nd2 Ra2 18. Nc4 Ra6 19. Bg4 Rf6 20. Qe2 Rf7 21. Rfb1 Bf6 22. Rb6 Rc7 23. Bxc8 Qxc8 24. Rxa6 bxa6 25. Nxd6 Rc1+ 26. Rxc1 Qxc1+ 27. Qf1 Qc3 28. Qb1 Bd8 29. h3 Qc7 30. Nc4 f3 31. g3 Be7 32. Qa1 Qb8 33. Nxe5 Bd6 34. Nxf3 Bxg3 35. e5 Qf8 36. Kg2 Bf4 37. Qxa6 Qf5 38. Qe6+ Qxe6 39. dxe6 Kf8 40. d4 Ke7 41. d5 h5 42. Nd4 g4 43. hxg4 hxg4 44. Nc6+ Ke8 45. d6 1-0

[Event "Catalan Youth Championship 2024"]
[Site "Cambrils"]
[Date "2024.03.25"]
[Round "4.12"]
[White "Alonso Gimenez, Mauro"]
[Black "Sergooris, Danail Jurgen"]
[Result "1/2-1/2"]
[ECO "B30"]
[WhiteElo "1980"]
[BlackElo "1870"]
[Annotator "RC"]
[PlyCount "77"]
[EventDate "2024.03.13"]
[EventType "swiss"]
[EventCountry "ESP"]
[SourceTitle "playchess.com"]
[Source "ChessBase"]
[SourceQuality "1"]
[TimeControl "5400+30"]

1. e4 c5 2. Nc3 Nc6 3. Bb5 Nd4 4. Bc4 e6 5. Nf3 Nf6 6. O-O a6 7. a4 d5 8. exd5 exd5 9. Be2 Nc6 10. d4 cxd4 11. Nxd4 Be7 12. Bf3 O-O 13. Re1 Nxd4 14. Qxd4 Be6 15. Bg5 Rc8 16. Rad1 h6 17. Be3 Qa5 18. Qd2 Bb4 19. Bd4 Ne4 20. Bxe4 dxe4 21. Re3 Bxc3 22. Bxc3 Qg5 23. Rxe4 Qxd2 24. Rxd2 Rfd8 25. Red4 Rxd4 26. Rxd4 Rc4 27. Rd8+ Kh7 28. a5 Rc7 29. f3 Rd7 30. Rb8 Bf5 31. Kf2 Bxc2 32. Ke3 Ba4 33. Kf4 Bc6 34. h4 f6 35. Rc8 Kg6 36. Kg4 Rd4+ 37. Kg3 Rd7 38. Kf4 Bb5 39. Ke4 1/2-1/2

[Event "Catalan Youth Championship 2024"]
[Site "Cambrils"]
[Date "2024.03.25"]
[Round "4.13"]
[White "Salinas Tomas, Daniel"]
[Black "Torrent San Nicolas, Biel"]
[Result "1-0"]
[ECO "E68"]
[WhiteElo "2386"]
[BlackElo "1966"]
[Annotator "RC"]
[PlyCount "89"]
[EventDate "2024.03.13"]
[EventType "swiss"]
[EventCountry "ESP"]
[SourceTitle "playchess.com"]
[Source "ChessBase"]
[SourceQuality "1"]
[TimeControl "5400+30"]

1. d4 Nf6 2. c4 g6 3. g3 Bg7 4. Bg2 O-O 5. Nc3 d6 6. Nf3 Nbd7 7. O-O e5 8. e4 exd4 9. Nxd4 Re8 10. h3 h6 11. Re1 Nc5 12. b3 c6 13. Bb2 Qa5 14. Qd2 Ne6 15. Nxe6 Bxe6 16. Rad1 Rad8 17. Re3 a6 18. Rd3 Rd7 19. Ne2 Qxd2 20. R3xd2 Red8 21. Bc3 Ne8 22. Ba5 Rc8 23. c5 d5 24. exd5 cxd5 25. b4 Nf6 26. Nf4 Re8 27. Bxd5 Nxd5 28. Nxd5 Bxd5 29. Rxd5 Rxd5 30. Rxd5 Re7 31. Rd8+ Kh7 32. Rd3 h5 33. a4 Be5 34. Bd8 Re8 35. Rd7 Bc3 36. Ba5 Rb8 37. Rxf7+ Kg8 38. Rd7 Kf8 39. Rd3 Bf6 40. Kg2 Ke8 41. f4 Kf7 42. Kf3 Ke6 43. Ke4 Rc8 44. Rd6+ Ke7 45. Rb6 1-0

[Event "Catalan Youth Championship 2024"]
[Site "Cambrils"]
[Date "2024.03.25"]
[Round "4.14"]
[White "Anguera Staina, Maxim"]
[Black "Sviridenko, Yaroslav"]
[Result "1/2-1/2"]
[ECO "A22"]
[WhiteElo "2020"]
[BlackElo "1961"]
[Annotator "RC"]
[PlyCount "87"]
[EventDate "2024.03.13"]
[EventType "swiss"]
[EventCountry "ESP"]
[SourceTitle "playchess.com"]
[Source "ChessBase"]
[SourceQuality "1"]
[TimeControl "5400+30"]

1. c4 e5 2. Nc3 Bb4 3. g3 Nf6 4. Bg2 O-O 5. e4 Bxc3 6. bxc3 Re8 7. Ne2 c6 8. Qb3 Na6 9. O-O Nc5 10. Qc2 d6 11. Rb1 Qc7 12. d3 Bg4 13. f3 Bh5 14. Bg5 Ncd7 15. Be3 Rad8 16. Bf2 b6 17. Rfd1 h6 18. h3 d5 19. cxd5 cxd5 20. c4 dxc4 21. Rb4 Nf8 22. Rxc4 Qb8 23. g4 Bg6 24. Bg3 N6d7 25. Rc1 Ne6 26. d4 f6 27. Bf1 Qb7 28. d5 Nec5 29. Rb1 Qc7 30. Nd4 Rc8 31. Rc3 exd4 32. Bxc7 dxc3 33. Bg3 Ne5 34. Bxe5 fxe5 35. Bb5 Rf8 36. Rf1 Rfd8 37. Rc1 a6 38. Bc6 Ne6 39. Qxc3 Nd4 40. Qa3 Ne2+ 41. Kg2 Nxc1 42. Qxc1 Be8 43. Qa3 Bxc6 44. dxc6 1/2-1/2

[Event "Catalan Youth Championship 2024"]
[Site "Cambrils"]
[Date "2024.03.25"]
[Round "4.15"]
[White "Fernandez Climent, Albert"]
[Black "Bergaretxe Gavalda, Unai"]
[Result "1-0"]
[ECO "B07"]
[WhiteElo "1978"]
[BlackElo "1921"]
[Annotator "RC"]
[PlyCount "115"]
[EventDate "2024.03.13"]
[EventType "swiss"]
[EventCountry "ESP"]
[SourceTitle "playchess.com"]
[Source "ChessBase"]
[SourceQuality "1"]
[TimeControl "5400+30"]

1. d4 Nf6 2. Nc3 d6 3. e4 e5 4. dxe5 dxe5 5. Qxd8+ Kxd8 6. Bg5 c6 7. O-O-O+ Kc7 8. Bc4 Be6 9. Bxe6 fxe6 10. f3 Nbd7 11. Nge2 b5 12. Be3 Bc5 13. Bxc5 Nxc5 14. Rd2 g5 15. Kb1 Rad8 16. Rhd1 Rxd2 17. Rxd2 h5 18. Nc1 h4 19. h3 Nh5 20. b4 Nd7 21. Nd3 Nf4 22. Nd1 Nxd3 23. Rxd3 Nb6 24. Ne3 Rd8 25. Rxd8 Kxd8 26. Kb2 Ke7 27. Kb3 Nd7 28. Ng4 Kd6 29. c4 Ke7 30. a4 a6 31. Nf2 Nb6 32. axb5 axb5 33. c5 Nc4 34. Ng4 Kf7 35. Kc3 Kg6 36. Kd3 Kf7 37. Ke2 Kg7 38. Nf2 Kf6 39. Nd3 Kg6 40. Nc1 Kf6 41. Kd3 Nb2+ 42. Ke2 Nc4 43. Kf2 Kg6 44. Nb3 Kf6 45. Na5 Na3 46. Nxc6 Nc2 47. Kf1 Nd4 48. Nxd4 exd4 49. c6 Ke7 50. e5 Kd8 51. Ke2 d3+ 52. Kxd3 Kc7 53. Kd4 Kxc6 54. Ke4 Kd7 55. f4 gxf4 56. Kxf4 Kc6 57. Kg5 Kd5 58. Kf6 1-0

[Event "Catalan Youth Championship 2024"]
[Site "Cambrils"]
[Date "2024.03.25"]
[Round "4.16"]
[White "Blasco Cardona, Pol"]
[Black "Clotet Mas, Dan"]
[Result "0-1"]
[ECO "D00"]
[WhiteElo "1966"]
[BlackElo "2028"]
[Annotator "RC"]
[PlyCount "56"]
[EventDate "2024.03.13"]
[EventType "swiss"]
[EventCountry "ESP"]
[SourceTitle "playchess.com"]
[Source "ChessBase"]
[SourceQuality "1"]
[TimeControl "5400+30"]

1. d4 d5 2. Nc3 Nf6 3. Bf4 c5 4. e4 cxd4 5. Qxd4 Nc6 6. Bb5 Bd7 7. Bxc6 Bxc6 8. e5 Nd7 9. e6 fxe6 10. Nf3 Qb6 11. Ne2 Qxd4 12. Nexd4 g5 13. Bg3 g4 14. Ng5 e5 15. Nde6 Rc8 16. h3 gxh3 17. Rxh3 h6 18. O-O-O d4 19. Re1 Bxg2 20. Rh2 Bd5 21. Bxe5 Nxe5 22. Rxe5 Bxa2 23. Ra5 hxg5 24. Rxh8 Bxe6 25. Rxa7 Bd5 26. Kd2 Kf7 27. Kd3 Bc4+ 28. Ke4 Ba6 0-1

[Event "Catalan Youth Championship 2024"]
[Site "Cambrils"]
[Date "2024.03.25"]
[Round "4.17"]
[White "Funes Ostos, Aitor"]
[Black "Ano Pla, Gerard"]
[Result "1/2-1/2"]
[ECO "A25"]
[WhiteElo "2125"]
[BlackElo "2230"]
[Annotator "RC"]
[PlyCount "176"]
[EventDate "2024.03.13"]
[EventType "swiss"]
[EventCountry "ESP"]
[SourceTitle "playchess.com"]
[Source "ChessBase"]
[SourceQuality "1"]
[TimeControl "5400+30"]

1. c4 e5 2. Nc3 d6 3. e3 g6 4. d4 Nc6 5. Nf3 Bg7 6. Be2 Nge7 7. d5 Nb8 8. h4 h6 9. e4 O-O 10. h5 g5 11. Be3 f5 12. exf5 Nxf5 13. Bd2 Nd4 14. Nxd4 exd4 15. Ne4 Bf5 16. Ng3 d3 17. Nxf5 dxe2 18. Qc2 Qf6 19. g4 Nd7 20. Bc3 Ne5 21. Qxe2 Rae8 22. O-O-O Nxg4 23. Qxe8 Qxf5 24. Qe2 Bxc3 25. bxc3 Ne5 26. Rhf1 Qh3 27. Qc2 Rf3 28. Rh1 Qg4 29. Rhe1 Qf4+ 30. Kb1 Rxf2 31. Re2 Rf1 32. Rxf1 Qxf1+ 33. Kb2 Qf7 34. Qe4 Qxh5 35. c5 Qf7 36. cxd6 cxd6 37. Qd4 Qg7 38. Qxa7 g4 39. Kb3 Qc7 40. Qd4 h5 41. c4 b6 42. Rxe5 dxe5 43. d6 Qd7 44. Qxe5 h4 45. Qg5+ Kf7 46. Qh5+ Ke6 47. Qxg4+ Kxd6 48. Qxh4 Qf5 49. Qh6+ Kc5 50. Qe3+ Kc6 51. Qe8+ Kc7 52. Qe7+ Kc6 53. Qe2 Qb1+ 54. Ka3 Qc1+ 55. Kb3 Qb1+ 56. Qb2 Qd3+ 57. Kb4 Qd6+ 58. Ka4 Kb7 59. Qg7+ Ka6 60. Qb2 Kb7 61. Qg2+ Ka7 62. Qd5 Qc7 63. Kb5 Qe7 64. Kc6 Qb7+ 65. Kd6 Qg7 66. Qe5 Qg8 67. Qe6 Qg3+ 68. Kc6 Qf3+ 69. Qd5 Qf6+ 70. Kc7 Qf4+ 71. Kc8 Qb8+ 72. Kd7 Qf8 73. Kc6 Qc8+ 74. Kd6 Qd8+ 75. Kc6 Qc8+ 76. Kb5 Qc7 77. a4 Qe7 78. Kc6 Qf6+ 79. Kc7 Qf4+ 80. Kc8 Qb8+ 81. Kd7 Qf8 82. Qe6 Qc5 83. Kd8 Kb8 84. Ke8 Qf2 85. Qe5+ Kb7 86. Qd5+ Kc7 87. Qd7+ Kb8 88. Qd6+ Kc8 1/2-1/2

[Event "Catalan Youth Championship 2024"]
[Site "Cambrils"]
[Date "2024.03.25"]
[Round "4.18"]
[White "Creixans Comerma, Pol"]
[Black "Garcia Caro, Juan Alber"]
[Result "0-1"]
[ECO "B22"]
[WhiteElo "1981"]
[BlackElo "2128"]
[Annotator "RC"]
[PlyCount "110"]
[EventDate "2024.03.13"]
[EventType "swiss"]
[EventCountry "ESP"]
[SourceTitle "playchess.com"]
[Source "ChessBase"]
[SourceQuality "1"]
[TimeControl "5400+30"]

1. e4 e6 2. d4 c5 3. c3 Nf6 4. Bd3 Nc6 5. Nf3 cxd4 6. cxd4 Nb4 7. Nc3 Nxd3+ 8. Qxd3 b5 9. Nxb5 Ba6 10. O-O Nxe4 11. Bf4 Bxb5 12. Qxb5 Qb6 13. Qxb6 axb6 14. Rfc1 Nf6 15. Ne5 Nd5 16. Bg3 Be7 17. Nc4 O-O 18. Bd6 Bxd6 19. Nxd6 Rfb8 20. a3 Kf8 21. Rc2 Ke7 22. Nb5 Ra5 23. Nc3 Rba8 24. Nxd5+ Rxd5 25. Rc4 b5 26. Rc5 Rxc5 27. dxc5 b4 28. Kf1 Ra5 29. Rc1 bxa3 30. bxa3 Rxa3 31. c6 dxc6 32. Rxc6 Ra1+ 33. Ke2 Rh1 34. h3 Kf6 35. Rc7 h5 36. Kf3 g5 37. Ra7 Kg6 38. Re7 h4 39. Ra7 Rg1 40. Re7 Ra1 41. Rb7 f6 42. Rb8 Kf5 43. Rb5+ e5 44. Rb3 e4+ 45. Ke2 Rg1 46. g4+ hxg3 47. fxg3 Rg2+ 48. Kf1 Rh2 49. Rb5+ Kg6 50. Rb4 f5 51. Rb6+ Kg7 52. Rb7+ Kg6 53. Rb6+ Kh5 54. Rf6 Rxh3 55. Kg2 Kg4 0-1

[Event "Catalan Youth Championship 2024"]
[Site "Cambrils"]
[Date "2024.03.25"]
[Round "4.19"]
[White "Valle Luis, Leo"]
[Black "Vasilev, Andrei"]
[Result "1-0"]
[ECO "B12"]
[WhiteElo "2230"]
[BlackElo "1937"]
[Annotator "RC"]
[PlyCount "79"]
[EventDate "2024.03.13"]
[EventType "swiss"]
[EventCountry "ESP"]
[SourceTitle "playchess.com"]
[Source "ChessBase"]
[SourceQuality "1"]
[TimeControl "5400+30"]

1. e4 c6 2. d4 d5 3. e5 Bf5 4. h4 h5 5. Bd3 Bxd3 6. Qxd3 Qa5+ 7. Nd2 e6 8. Ngf3 Nh6 9. O-O Nf5 10. a4 Be7 11. Nb3 Qa6 12. Qd1 Nd7 13. g3 Rc8 14. c3 g6 15. Re1 Kf8 16. Be3 Kg7 17. Nc1 c5 18. dxc5 Bxc5 19. Bd4 Bxd4 20. Nxd4 Nxd4 21. cxd4 Qc4 22. Re2 Rc7 23. Rd2 Rhc8 24. Ne2 a6 25. a5 Qb4 26. Ra4 Qe7 27. Qb3 Nb8 28. Kg2 Rc4 29. Ra3 Qb4 30. Qd1 Nc6 31. Rb3 Qe7 32. Rf3 Nxa5 33. Rf6 Qb4 34. Nf4 Rh8 35. Qf3 Qxd2 36. Nxh5+ Rxh5 37. Rxf7+ Kh6 38. Qf6 Qxf2+ 39. Qxf2 Rf5 40. Qd2+ 1-0